 Dungeon Crawl Stone Soup version 0.29.1-15-g9cfb28693d (webtiles) character file.

Game seed: 16609122110180123319

415 Smoke131 the Firebug (level 6, 0/51 HPs)
             Began as a Draconian Fire Elementalist on Mar 4, 2023.
             Was an Initiate of Vehumet.
             Killed by nerve-wracking pain
             ... invoked by Menkaure
              (12 damage)
             ... on level 4 of the Dungeon.
             The game lasted 00:07:56 (3833 turns).

Smoke131 the Firebug (Draconian Fire Elementalist)  Turns: 3833, Time: 00:07:56

Health: 0/51       AC:  6    Str: 11    XL:     6   Next: 60%
Magic:  7/11       EV: 12    Int: 23    God:    Vehumet [......]
Gold:   183        SH:  0    Dex: 11    Spells: 8/11 levels left

rFire   . . .      SeeInvis .   j - +2 whip (elec)
rCold   . . .      Faith    .   (no shield)
rNeg    . . .      Spirit   .   (body armour unavailable)
rPois   .          Reflect  .   (helmet restricted)
rElec   .          Harm     .   (no cloak)
rCorr   .          Rampage  .   (no gloves)
Will    .....                   (no boots)
Stlth   ++........              (no amulet)
HPRegen 0.17/turn               d - +6 ring of intelligence
MPRegen 0.12/turn               (no ring)

@: no status effects
A: AC +6, unfitting armour, cold-blooded
a: Renounce Religion


You were on level 4 of the Dungeon.
You worshipped Vehumet.
Vehumet was noncommittal.
You visited 1 branch of the dungeon, and saw 5 of its levels.

You collected 183 gold pieces.

Inventory:

Hand Weapons
 j - a +2 whip of electrocution (weapon)
Jewellery
 d - a +6 ring of intelligence (left hand)
Scrolls
 c - a scroll of brand weapon {unknown}
 e - a scroll of blinking
 f - a scroll of identify
Potions
 a - a potion of magic
 b - a potion of mutation {unknown}
 g - a potion of cancellation
 i - a potion of invisibility
 k - a potion of might {unknown}
 n - a potion of ambrosia


   Skills:
 + Level 3.1 Fighting
 + Level 3.2 Dodging
 - Level 1.7 Stealth
 + Level 3.3 Spellcasting
 + Level 3.0 Conjurations
 + Level 4.2 Fire Magic


You had 8 spell levels left.
You knew the following spells:

 Your Spells              Type           Power      Damage    Failure   Level
a - Foxfire               Conj/Fire      80%        2x1d8     2%          1
b - Scorch                Fire           46%        2d7       3%          2

Your spell library contained the following spells:

 Spells                   Type           Power      Damage    Failure   Level
 Conjure Flame            Conj/Fire      20%        6-21      8%          3
 Inner Flame              Hex/Fire       13%        N/A       14%         3
 Flame Wave               Conj/Fire      20%        2d7       26%         4


Dungeon Overview and Level Annotations

Branches:
Dungeon (5/15)
 Temple: D:4-7

Altars:
Elyvilon
Fedhas
Gozag
Nemelex Xobeh
Trog
Uskayaw
Vehumet
The Shining One

Shops:
D:2 (

Annotations:
D:4 Menkaure


Innate Abilities, Weirdness & Mutations

Your plain brown scales are hard. (AC +6)
You cannot fit into any form of body armour.
You are cold-blooded and may be slowed by cold attacks.


Message History

Menkaure gestures wildly while chanting.
Menkaure seems to speed up.
The orc wizard mumbles some strange words.
The orc wizard flickers and vanishes!
Deactivating autopickup; reactivate with Ctrl-A.
Menkaure mumbles, "It doesn't hurt if you pull your brain out of your nose yourself."
A magic dart appears from out of thin air!
The magic dart hits you. The orc closely misses you.
You bump into the rock wall.
You feel less confused. Menkaure hits you!
You feel much better.
Menkaure calls on the powers of darkness!
Your body is wracked with pain!
The orc convulses!
Something is bathed in an unholy light!
Menkaure hits you!
There is a stone staircase leading up, spattered with blood here.
Menkaure hits you!
* * * LOW HITPOINT WARNING * * *
You hear some strange, mumbled words.
A puff of flame appears from out of thin air!
The puff of flame hits you.
* * * LOW HITPOINT WARNING * * *
The orc closely misses you.
You climb upwards.
Reactivating autopickup.
There is a stone staircase leading down here.
You feel much better. Menkaure hits you!
* * * LOW HITPOINT WARNING * * *
The orc hits you but does no damage.
You hear some strange, mumbled words.
Deactivating autopickup; reactivate with Ctrl-A.
Something tries to affect you, but you resist.
Blink to where?
Press: ? - help, Dir - move target
As you read the scroll of blinking, it crumbles to dust.
There is a stone staircase leading up here.
Menkaure gestures at you while chanting.
Pain shoots through your body!
You die...

#.#.........#.####
##.###..#........#
###.###§.......##.#
#...........#####..
#....o#.##### ###
#.###.#M# #.# #.#.#
#.###.#.########
#.@...#.##.....#
#[....M.##..<..####
##.#######.......##
#.# #)†...#.## #.#
#.....#.## #.#
##...##.## #.#
#.#...... #.#
#.#.##.#. #.#
####......#.


You could see Menkaure (fast).

Vanquished Creatures
  2 phantoms
  A scorpion (D:4)
  2 hounds (D:4)
  An iguana (D:4)
  4 adders
  3 worms (D:2)
  3 dart slugs
  4 orcs
  8 ball pythons
  5 bats
  6 endoplasms
  4 giant cockroaches
  3 goblins
  5 hobgoblins
  8 jackals
  8 kobolds
  3 quokkas
  A frilled lizard (D:2)
  4 rats
75 creatures vanquished.

Vanquished Creatures (others)
  75 foxfires
  7 fungi (D:5)
82 creatures vanquished.

Grand Total: 157 creatures vanquished

Notes
Turn   | Place    | Note
-------+----------+-------------------------------------------
     0 | D:1      | Smoke131 the Draconian Fire Elementalist began the quest
                  | for the Orb.
     0 | D:1      | Reached XP level 1. HP: 14/14 MP: 3/3
   122 | D:1      | Found a faded altar of an unknown god.
   147 | D:1      | Reached XP level 2. HP: 22/22 MP: 1/5
   292 | D:1      | Learned a level 2 spell: Scorch
   560 | D:1      | Reached skill level 1 in Fighting
   922 | D:2      | Reached XP level 3. HP: 26/28 MP: 2/6
  1377 | D:2      | Found Tach's Weapon Emporium.
  1965 | D:3      | Reached XP level 4. HP: 34/35 MP: 7/7
  2113 | D:3      | Found a white marble altar of Elyvilon.
  2613 | D:3      | Found a sparkling altar of Nemelex Xobeh.
  2620 | D:3      | Found a glowing golden altar of the Shining One.
  2625 | D:3      | Found a hide-covered altar of Uskayaw.
  2633 | D:3      | Found a blossoming altar of Fedhas.
  2633 | D:3      | Noticed a phantom
  2638 | D:3      | Killed a phantom
  2639 | D:3      | Reached XP level 5. HP: 35/41 MP: 1/9
  2710 | D:3      | Found a bloodstained altar of Trog.
  2727 | D:3      | Found an opulent altar of Gozag.
  2883 | D:4      | Found a radiant altar of Vehumet.
  2904 | D:4      | Became a worshipper of Vehumet
  3063 | D:4      | Reached XP level 6. HP: 50/50 MP: 10/10
  3121 | D:4      | Reached skill level 4 in Fire Magic
  3715 | D:4      | Identified the +3 ring mail of the Sun {-Tele rN+ Str+5}
  3733 | D:5      | Entered Level 5 of the Dungeon
  3817 | D:5      | Noticed Menkaure
  3833 | D:4      | Killed from afar by Menkaure

Illustrated notes

Levels and vault maps discovered:
D:1:      moated_graveyard_arrival, layout_rooms,
          hellmonk_ecumenical_altar_arch_garden
D:2:      layout_basic, serial_shops, nicolae_shop_bloodbath_and_beyond
D:3:      layout_basic, grunt_temple_overflow_octagram
D:4:      layout_loops_cross, mainiacjoe_overflow_24_doors
D:5:      layout_loops_ring, temple_green, serial_aquarium,
          aquarium_bridge_straight [aquarium_subvault_bridge,
          aquarium_subvault_window, aquarium_subvault_bridge,
          aquarium_subvault_window], aquarium_window_fake, aquarium_window_1,
          aquarium_window_fake, aquarium_view_2c, aquarium_balcony_1b,
          aquarium_pool_split, uniq_pikel, uniq_menkaure, uniq_ijyb,
          uniq_blork_the_orc

Skill      XL: |  1  2  3  4  5  6 |
---------------+-------------------+-----
Dodging        | 2 3 |  3.2
Fighting       | 1 2 3 |  3.1
Conjurations   | 2 3 |  3.0
Spellcasting   | 3 |  3.3
Fire Magic     | 4 |  4.2
Stealth        | |  1.7

Action                   |  1- 3 |  4- 6 || total
-------------------------+-------+-------++-------
Melee: Short sword       |    92 |       ||    92
       Tailslap          |    14 |     3 ||    17
       Unarmed           |     2 |       ||     2
       Whip              |    13 |    66 ||    79
       Punch             |       |     2 ||     2
 Cast: Foxfire           |    32 |    11 ||    43
       Scorch            |     2 |    23 ||    25
  Use: Scroll            |       |    11 ||    11
       Potion            |       |     2 ||     2
 Stab: Sleeping          |     2 |     7 ||     9
Armor: Skin              |    57 |    23 ||    80
Dodge: Dodged            |   118 |    56 ||   174
